 Dungeon Crawl Stone Soup version 0.24-a0-284-g9fb9971 (webtiles) character file.

Game seed: 17283489346649229850

7276 likster the Carver (level 10, -14/88 HPs)
             Began as a Minotaur Fighter on May 4, 2019.
             Was a Believer of Yredelemnul.
             Killed from afar by Fannar (27 damage)
             ... with a bolt of cold
             ... on level 10 of the Dungeon.
             The game lasted 00:14:52 (9558 turns).

likster the Carver (Minotaur Fighter)               Turns: 9558, Time: 00:14:53

Health: -14/88     AC: 17    Str: 20    XL:     10   Next: 89%
Magic:  12/12      EV:  9    Int:  6    God:    Yredelemnul [**....]
Gold:   594        SH:  2    Dex: 11    Spells: 9/9 levels left

rFire    . . .     SeeInvis .   t - +0 great sword
rCold    . . .     Gourm    .   (shield currently unavailable)
rNeg     . . .     Faith    .   g - +1 storm dragon scales
rPois    .         Spirit   .   (helmet restricted)
rElec    +         Reflect  +   l - +1 cloak
rCorr    .         Harm     .   (no gloves)
MR       .....     Clarity  +   (no boots)
Stlth    ..........             i - +2 amulet of reflection
HPRegen  0.24/turn              (no ring)
MPRegen  0.13/turn              (no ring)

@: no status effects
A: retaliatory headbutt, hooves 1, horns 2, clarity, clumsy 1
a: Animate Remains, Recall Undead Slaves, Injury Mirror, Renounce Religion


You were on level 10 of the Dungeon.
You worshipped Yredelemnul.
Yredelemnul was pleased with you.
You were not hungry.

You visited 1 branch of the dungeon, and saw 10 of its levels.

You collected 594 gold pieces.

Inventory:

Hand Weapons
 a - a +0 long sword
 t - a +0 great sword (weapon)
 K - a +0 long sword of draining
Armour
 b - a +0 scale mail
 c - a +0 shield
 g - +1 storm dragon scales (worn)
 l - a +1 cloak (worn)
 D - a +0 pair of gloves
Jewellery
 i - a +2 amulet of reflection (around neck)
 I - an uncursed ring of flight
Wands
 B - a wand of polymorph (10)
 C - a wand of digging (3)
 H - a wand of enslavement (11)
Scrolls
 e - 2 scrolls of fear
 j - a scroll of enchant weapon
 n - 3 scrolls of remove curse
 o - 2 scrolls of blinking
 p - a scroll of random uselessness
 q - 2 scrolls of amnesia {unknown}
 r - 3 scrolls of enchant armour
 s - 3 scrolls of magic mapping
 v - 4 scrolls of immolation
 x - a scroll of noise {unknown}
 y - 2 scrolls of silence {unknown}
 J - a scroll of vulnerability {unknown}
 M - 2 scrolls of fog {unknown}
 O - 2 scrolls of teleportation {unknown}
 S - a scroll of identify
 T - a scroll of holy word {unknown}
Potions
 d - 2 potions of might
 h - 4 potions of degeneration
 k - 4 potions of agility
 m - 5 potions of curing
 u - 6 potions of resistance
 w - 3 potions of heal wounds
 z - 2 potions of flight
 A - 2 potions of brilliance
 E - a potion of ambrosia
 F - 2 potions of berserk rage
 L - a potion of cancellation
 N - a potion of mutation
 R - a potion of haste {unknown}
Miscellaneous
 P - a sack of spiders
 Q - a lightning rod (inert)
Comestibles
 f - 19 rations


   Skills:
 - Level 8.3 Fighting
 - Level 12.7 Long Blades
 - Level 9.0 Armour
 - Level 2.5 Dodging
 - Level 1.0 Stealth
 - Level 5.8 Shields
 + Level 5.0 Invocations
 + Level 4.7 Evocations


You had 9 spell levels left.
You didn't know any spells.
Your spell library contained the following spells:

 Spells                   Type           Power        Failure   Level  Hunger
 Animate Skeleton         Necr           N/A          98%         1    ##.....
 Apportation              Tloc           #.....       98%         1    ##.....
 Confusing Touch          Hex            #.....       98%         1    ##.....
 Magic Dart               Conj           #...         98%         1    ##.....
 Summon Small Mammal      Summ           #...         98%         1    ##.....
 Blink                    Tloc           N/A          99%         2    ###....
 Call Imp                 Summ           #.......     99%         2    ###....
 Searing Ray              Conj           #.....       99%         2    ###....
 Slow                     Hex            #.......     99%         2    ###....
 Call Canine Familiar     Summ           #.......     100%        3    ####...
 Conjure Flame            Conj/Fire      #.......     100%        3    ####...
 Dazzling Spray           Conj/Hex       #.....       100%        3    ####...
 Mephitic Cloud           Conj/Pois/Air  #.......     100%        3    ####...
 Summon Guardian Golem    Hex/Summ       #.......     100%        3    ####...
 Force Lance              Conj/Tloc      #.......     100%        4    #####..
 Fulminant Prism          Conj/Hex       #.........   100%        4    #####..
 Iskenderun's Mystic Bla  Conj           #.......     100%        4    #####..
 Summon Ice Beast         Ice/Summ       #.......     100%        4    #####..
 Summon Lightning Spire   Summ/Air       #.......     100%        4    #####..


Dungeon Overview and Level Annotations

Branches:
Dungeon (10/15)            Temple (0/1) D:6
   Lair: D:8-11         Orc: D:9-12

Altars:
Ashenzari
Cheibriados
Dithmenos
Hepliaklqana
Kikubaaqudgha
Makhleb
Qazlal
Trog
Uskayaw
Xom
Yredelemnul
Zin

Shops:
D:5 :

Annotations:
D:10 3 runed translucent doors, Fannar


Innate Abilities, Weirdness & Mutations

You reflexively headbutt those who attack you in melee.
You have a pair of horns on your head.
You have large cloven feet.
You possess an exceptional clarity of mind.
You are clumsy. (Dex -2)


Message History

You slash the ice beast!
You kill the ice beast!
Fannar hits you with a +0 quarterstaff of freezing.
Fannar freezes you.
You slash Fannar! Your headbutt misses Fannar.
Fannar is severely wounded.
Fannar hits you but does no damage.
You barely miss Fannar. Your headbutt misses Fannar.
Fannar is severely wounded.
Fannar gestures wildly while chanting.
Fannar drains the heat from the surrounding environment!
You feel very cold.
* * * LOW HITPOINT WARNING * * *
Fannar is frozen.
Fannar resists.
You slash Fannar! Your headbutt misses Fannar.
Fannar is almost dead.
Fannar casts a spell at you. The bolt of cold hits you!!
You die...
Your body rises from the dead as a mindless zombie.

#.................
#.................
#...............[.
#.>...............
#.................
#.###############.
#.# #. #.# #. #@#
#. #e# ##########.
#.. ...........
#... ...........
#.... ...........
#.#### ######..###
#.# #..# #.# #..#
#..#


You could see Fannar.

Vanquished Creatures
  A hydra (D:10)
  A two-headed ogre (D:7)
  A troll (D:10)
  2 dream sheep (D:10)
  Sigmund (D:5)
  7 yaks
  The ghost of Voker57 the Slasher, an amateur DsMo (D:3)
  Menkaure (D:5)
  2 water moccasins
  Purgy (D:4)
  2 hornet zombies
  An ice beast (D:5)
  An orc warrior (D:6)
  A phantom (D:8)
  A sky beast (D:6)
  A centaur (D:8)
  4 ogres
  3 big kobolds (D:10)
  10 bullfrogs
  A scorpion (D:10)
  8 wights
  2 crimson imps
  A bullfrog zombie (D:10)
  4 jellies
  5 orc priests
  8 hounds
  A bullfrog skeleton (D:9)
  3 centaur skeletons
  Jessica (D:2)
  2 iguanas
  4 orc wizards
  3 worker ants
  Terence (D:3)
  2 hound zombies (D:10)
  Robin (D:2)
  12 adders
  A shadow imp (D:7)
  3 oozes
  An adder skeleton (D:5)
  3 worms
  A dart slug (D:1)
  6 leopard geckos
  28 orcs
  2 giant cockroaches
  11 goblins
  14 hobgoblins
  3 jackals (D:5)
  5 kobolds
  2 quokkas
  8 bats
  7 frilled lizards
  A jackal skeleton (D:7)
  A leopard gecko skeleton (D:6)
  A leopard gecko zombie (D:6)
  3 quokka zombies
  6 rats
208 creatures vanquished.

Notes
Turn   | Place    | Note
-------+----------+-------------------------------------------
     0 | D:1      | likster the Minotaur Fighter began the quest for the Orb.
     0 | D:1      | Reached XP level 1. HP: 19/19 MP: 0/0
   228 | D:1      | Reached XP level 2. HP: 24/27 MP: 1/1
   868 | D:2      | Reached XP level 3. HP: 33/33 MP: 2/2
   877 | D:2      | Noticed Jessica
   878 | D:2      | Killed Jessica
   889 | D:2      | Reached skill level 3 in Long Blades
  1114 | D:2      | Noticed Robin
  1118 | D:2      | Reached XP level 4. HP: 39/40 MP: 3/3
  1330 | D:2      | Noticed a +0 hand axe
  1330 | D:2      | Noticed a +0 dagger
  1331 | D:2      | Found a hide-covered altar of Uskayaw.
  1541 | D:2      | You fall through a shaft!
  1671 | D:3      | Found a runed translucent door.
  1683 | D:3      | Noticed Terence
  1687 | D:3      | Noticed Voker57's ghost (amateur DsMo)
  1693 | D:3      | Killed Terence
  1693 | D:3      | Reached skill level 1 in Dodging
  1768 | D:3      | Reached XP level 5. HP: 47/47 MP: 4/4
  1797 | D:3      | You fall through a shaft for 2 floors!
  1797 | D:5      | Entered Level 5 of the Dungeon
  1797 | D:5      | Noticed Sigmund
  1808 | D:5      | Killed Sigmund
  1808 | D:5      | Reached skill level 5 in Long Blades
  1808 | D:5      | Reached XP level 6. HP: 50/53 MP: 5/5
  1862 | D:5      | Gained mutation: You are resistant to hostile enchantments.
                  | (MR+) [potion of mutation]
  1862 | D:5      | Gained mutation: Your movements are slightly less
                  | encumbered by armour. (ER -2) [potion of mutation]
  1862 | D:5      | Gained mutation: You are occasionally teleported next to
                  | monsters. [potion of mutation]
  1862 | D:5      | Gained mutation: You are agile. (Dex +2) [potion of
                  | mutation]
  1868 | D:4      | Noticed Purgy
  1872 | D:5      | Reached skill level 6 in Long Blades
  1986 | D:4      | Reached skill level 5 in Armour
  1994 | D:4      | Killed Purgy
  1994 | D:4      | Reached skill level 5 in Shields
  1994 | D:4      | Reached XP level 7. HP: 42/60 MP: 6/6
  2276 | D:4      | Reached skill level 5 in Fighting
  2282 | D:4      | Reached skill level 7 in Long Blades
  2375 | D:4      | Found an ancient bone altar of Kikubaaqudgha.
  2711 | D:2      | Killed Robin
  2715 | D:2      | Lost mutation: Your movements are slightly less encumbered
                  | by armour. (ER -2) [potion of mutation]
  2715 | D:2      | Lost mutation: You are occasionally teleported next to
                  | monsters. [potion of mutation]
  2715 | D:2      | Lost mutation: You are agile. (Dex +2) [potion of mutation]
  2715 | D:2      | Lost mutation: You are resistant to hostile enchantments.
                  | (MR+) [potion of mutation]
  2715 | D:2      | Gained mutation: You possess an exceptional clarity of
                  | mind. [potion of mutation]
  2715 | D:2      | Gained mutation: You are clumsy. (Dex -2) [potion of
                  | mutation]
  2715 | D:2      | Gained mutation: You have large cloven feet. [potion of
                  | mutation]
  3099 | D:3      | Killed Voker57's ghost
  3840 | D:5      | Found Urut's Book Shoppe.
  3982 | D:5      | Found a basalt altar of Yredelemnul.
  4082 | D:5      | Reached skill level 8 in Long Blades
  4082 | D:5      | Reached XP level 8. HP: 70/70 MP: 7/7
  4107 | D:5      | Became a worshipper of Yredelemnul the Dark
  4378 | D:5      | Noticed Menkaure
  4384 | D:5      | Killed Menkaure
  4808 | D:6      | Found a staircase to the Ecumenical Temple.
  4836 | D:6      | Reached skill level 9 in Long Blades
  5524 | D:7      | Reached skill level 10 in Long Blades
  5544 | D:7      | Reached * piety under Yredelemnul
  5809 | D:7      | Reached XP level 9. HP: 78/78 MP: 8/8
  6109 | D:7      | Noticed a two-headed ogre
  6115 | D:7      | Killed a two-headed ogre
  6115 | D:7      | Reached skill level 11 in Long Blades
  6289 | D:7      | Found a shattered altar of Ashenzari.
  6289 | D:7      | Found a glowing silver altar of Zin.
  6289 | D:7      | Found a shimmering altar of Xom.
  6289 | D:7      | Found a shadowy altar of Dithmenos.
  6296 | D:7      | Found a snail-covered altar of Cheibriados.
  6301 | D:7      | Found a hazy altar of Hepliaklqana.
  6754 | D:8      | Reached skill level 12 in Long Blades
  6771 | D:8      | Found a burning altar of Makhleb.
  6959 | D:8      | Found a stormy altar of Qazlal.
  7277 | D:9      | Reached XP level 10. HP: 53/88 MP: 9/9
  7540 | D:9      | Reached ** piety under Yredelemnul
  7720 | D:9      | Reached skill level 1 in Stealth
  7862 | D:9      | Reached skill level 1 in Invocations
  7992 | D:9      | Found a bloodstained altar of Trog.
  8045 | D:9      | Reached skill level 1 in Evocations
  8528 | D:10     | Entered Level 10 of the Dungeon
  8800 | D:10     | Found a runed translucent gate.
  8800 | D:10     | Found a runed translucent gate.
  8800 | D:10     | Found a runed translucent gate.
  9286 | D:10     | Noticed a three-headed hydra
  9291 | D:10     | Killed a seven-headed hydra
  9291 | D:10     | Reached skill level 5 in Invocations
  9530 | D:10     | Noticed Fannar
  9558 | D:10     | Killed from afar by Fannar

Levels and vault maps discovered:
D:1:      evilmike_arrival_rings, layout_basic
D:2:      layout_basic, dancing_weapons_uskayaw, first_ration, uniq_jessica,
          uniq_robin
D:3:      layout_rooms, serial_glass, glass_columns_a, glass_columns_c,
          ebering_ghost_sewer_d, chequers_jeans, due_unseen_surprise,
          uniq_terence
D:4:      layout_basic, old_standard_altar, uniq_purgy
D:5:      layout_cave_pods, overflow_temple_1_default, serial_shops,
          kennysheep_mini, uniq_sigmund, uniq_menkaure
D:6:      layout_rooms, minmay_temple_entry_large_hall
D:7:      layout_cave_pods, minmay_overflow_temple_hex
D:8:      layout_basic, lemuel_doored_altar, basic_altar
D:9:      layout_stronghold, lemuel_coloured_pillars_altar
D:10:     layout_long_grid, gammafunk_ghost_cemetery, hangedman_ranch
          [blue_anna_fruit_fields], kennysheep_nondescript, kennysheep_path_1,
          uniq_fannar

Skill      XL: |  1  2  3  4  5  6  7  8  9 10 |
---------------+-------------------------------+-----
Shields        | 4 5 |  5.8
Fighting       | 4 5 6 8 |  8.3
Armour         | 4 5 6 7 8 9 |  9.0
Long Blades    | 3 5 6 8 10 12 | 12.7
Dodging        | 1 2 |  2.5
Stealth        | 1 |  1.0
Invocations    | 5 |  5.0
Evocations     | 4 |  4.7

Action                   |  1- 3 |  4- 6 |  7- 9 | 10-12 || total
-------------------------+-------+-------+-------+-------++-------
Melee: Long sword        |    74 |    54 |    22 |       ||   150
       Headbutt          |    14 |    21 |    55 |    25 ||   115
       Great sword       |       |    49 |   224 |   142 ||   415
       Kick              |       |       |    67 |    49 ||   116
Evoke: Lightning rod     |       |       |       |     4 ||     4
  Use: Scroll            |       |     5 |    14 |     1 ||    20
       Potion            |       |     1 |     1 |       ||     2
  Eat: Chunk             |     1 |     3 |    10 |     7 ||    21
       Ration            |       |       |     2 |       ||     2
Armor: Storm dragon scal |    54 |    61 |   149 |    87 ||   351
Dodge: Dodged            |    16 |    41 |   108 |    46 ||   211
Block: Shield            |    60 |    17 |       |       ||    77
       Other             |       |     4 |    24 |     6 ||    34
       Rpst.: Long sword |     5 |     2 |     4 |       ||    11
       Great sword       |       |     8 |    24 |    13 ||    45

Table legend:
 A = Non-vault XP
 B = Vault XP
 C = Vault XP percentage of total XP
 D = Non-vault monster count
 E = Vault monster count
 F = Vault count percentage of total count
                 A         B        C        D         E       F
            +---------+---------+-------+---------+---------+-------
      Total |    7375 |    3020 |  29.1 |     180 |      28 |  13.5
            +---------+---------+-------+---------+---------+-------
        D:1 |      39 |       0 |   0.0 |      19 |       0 |   0.0
        D:2 |      46 |      76 |  62.3 |      14 |      14 |  50.0
        D:3 |      98 |     232 |  70.3 |      23 |       3 |  11.5
        D:4 |     268 |     136 |  33.7 |      20 |       1 |   4.8
        D:5 |     573 |     392 |  40.6 |      18 |       2 |  10.0
        D:6 |     566 |       0 |   0.0 |      18 |       0 |   0.0
        D:7 |    1937 |       0 |   0.0 |      21 |       0 |   0.0
        D:8 |     764 |       0 |   0.0 |      11 |       0 |   0.0
        D:9 |    2076 |       0 |   0.0 |      27 |       0 |   0.0
       D:10 |    1008 |    2184 |  68.4 |       9 |       8 |  47.1
            +---------+---------+-------+---------+---------+-------
